 Dungeon Crawl Stone Soup version 0.20-a0-208-g55166f7 (webtiles) character file.

373 deepsabbath the Chopper (level 6, 0/32 HPs)
             Began as a Deep Elf Fire Elementalist on Nov 25, 2016.
             Was an Initiate of Ru.
             Slain by a hound (5 damage)
             ... on level 4 of the Dungeon.
             The game lasted 00:12:49 (6699 turns).

deepsabbath the Chopper (DEFE)                      Turns: 6699, Time: 00:12:50

Health: 0/32       AC:  6    Str:  7    XL:     6   Next: 43%
Magic:  12/12      EV: 10    Int: 20    God:    Ru [......]
Gold:   177        SH:  0    Dex: 15    Spells: 10/11 levels left

rFire  . . .     SeeInvis .     h - +0 war axe
rCold  . . .     Gourm    .     n - +0 ring mail
rNeg   . . .     Faith    .     (no shield)
rPois  .         Spirit   .     x - +1 hat
rElec  .         Reflect  .     (no cloak)
rCorr  .         Harm     .     (no gloves)
MR     .....                    (no boots)
Stlth  +.........               l - amulet of rage {+Rage, !d}
                                (no ring)
                                (no ring)

@: drained
A: no striking features
a: Renounce Religion, Evoke Berserk Rage


You were on level 4 of the Dungeon.
You worshipped Ru.
Ru was noncommittal.
You were not hungry.

You visited 1 branch of the dungeon, and saw 4 of its levels.
You also visited: Sewer.

You collected 177 gold pieces.

Inventory:

Hand Weapons
 h - a +0 war axe (weapon)
   (You found it on level 2 of the Dungeon)
 s - a +2 falchion of holy wrath
   (You found it on level 3 of the Dungeon)
Armour
 a - a +0 robe
 i - a +0 chain mail
   (You found it on level 2 of the Dungeon)
 n - a +0 ring mail (worn)
   (You found it on level 1 of the Dungeon)
 x - a +1 hat (worn)
   (You found it on level 3 of the Dungeon)
Jewellery
 l - an amulet of rage (around neck) {+Rage, !d}
   (You found it on level 3 of the Dungeon)
Wands
 k - a wand of lightning (4/15)
   (You found it on level 4 of the Dungeon)
 C - a wand of digging (6/24)
   (You found it in a sewer)
Scrolls
 f - 2 scrolls of teleportation
 w - a scroll of remove curse
Potions
 e - a potion of resistance
 g - a potion of curing
 j - a potion of degeneration {unknown}
 p - a potion of agility {unknown}
 r - a potion of might {unknown}
 u - 2 potions of heal wounds
 v - a potion of flight
 z - a potion of invisibility {unknown}
Books
 b - a book of Flames
Comestibles
 c - 6 bread rations {@e1}
 m - a slice of pizza
 o - 2 meat rations {@e2}
 A - 3 fruits


   Skills:
 + Level 0.0 Fighting
 * Level 4.7(4.5) Axes
   Level 1.2(2.7) Maces & Flails
 - Level 2.4(2.1) Dodging
 - Level 2.4(2.1) Stealth
 - Level 3.0(2.7) Spellcasting
 - Level 1.1(0.8) Conjurations
 - Level 3.2(3.0) Fire Magic
 - Level 2.2(2.0) Evocations


You had 10 spell levels left.
You knew the following spells:

 Your Spells              Type           Power        Failure   Level  Hunger
a - Flame Tongue          Conj/Fire      ##...        24%         1    None


Dungeon Overview and Level Annotations

Branches:
Dungeon (4/15)
 Temple: D:4-7

Altars:
Ashenzari
Kikubaaqudgha
Ru
Zin

Annotations:
D:3 Jarno's ghost, amateur DsCK


Message History

You hit the orc but do no damage. The orc barely misses you.
The orc completely misses you.
You closely miss the orc. The orc closely misses you.
You closely miss the orc. The orc hits you with a club.
* * * LOW HITPOINT WARNING * * *
You take 1 damage, and have 9/32 hp.
You hit the orc.
You kill the orc!
Items here: )) [ † a club; a chain mail; a club; an orc corpse You butcher the orc corpse.
B - 3 chunks of flesh {@w0}
Things that are here:
a club; a chain mail; a club
Things that are here:
a trident; a ring mail
Things that are here:
a club; a chain mail; a club You see here a quokka corpse.
You start resting.
Eating one of 3 chunks of flesh {@w0}.
You start eating one of the 3 chunks of flesh {@w0}.
You are feeling hungry.
You regained 13 hp, and now have 23/32 hp.
Unknown command.
You start resting.
All of the chunks of flesh in your inventory have rotted away.
Health restored: 32 Drop what? 27/52 slots (_ for help) (? for menu, Esc to quit)
You drop a +0 whip.
You drop a short sword of draining.
You drop a +1 dagger of pain.
You see here 20 stones.
You now have 177 gold pieces (gained 14).
Found a stone staircase leading down.
A worker ant comes into view.
The worker ant twitches its antennae in your direction.
You slash the worker ant! The worker ant bites you.
You take 5 damage, and have 27/32 hp.
You barely miss the worker ant. The worker ant closely misses you.
The worker ant barely misses you.
You closely miss the worker ant. The worker ant closely misses you.
You closely miss the worker ant. The worker ant barely misses you.
The worker ant misses you.
You closely miss the worker ant. The worker ant bites you.
You take 2 damage, and have 26/32 hp.
You hit the worker ant. The worker ant bites you. x2
A hound comes into view.
You take 3 damage, and have 23/32 hp.
The hound barks!
You hit the worker ant but do no damage.
The worker ant bites you but does no damage.
The worker ant barely misses you.
You hit the worker ant.
You kill the worker ant!
A hound is nearby!
A hound is nearby!
The hound barely misses you.
You hit the hound but do no damage. The hound bites you but does no damage.
The hound closely misses you.
You slash the hound! The hound barely misses you. The hound closely misses you.
You hit the hound. The hound barely misses you.
The hound bites you but does no damage.
You closely miss the hound. The hound barely misses you. The hound bites you.
You take 1 damage, and have 23/32 hp.
You closely miss the hound. The hound closely misses you. The hound bites you.
You take 2 damage, and have 21/32 hp.
You barely miss the hound. The hound barely misses you. The hound bites you.
You take 3 damage, and have 18/32 hp.
You hit the hound. The hound bites you. x2
You take 5 damage, and have 13/32 hp.
You hit the hound but do no damage. The hound bites you but does no damage.
The hound closely misses you.
You hit the hound but do no damage. The hound closely misses you.
The hound bites you.
You take 2 damage, and have 12/32 hp.
You miss the hound. The hound bites you but does no damage.
The hound closely misses you.
You barely miss the hound. The hound closely misses you.
The hound barely misses you.
You closely miss the hound. The hound barely misses you.
The hound bites you but does no damage.
You hit the hound. The hound closely misses you. The hound barely misses you.
Your ring mail prevents you from hitting the hound.
The hound bites you but does no damage.
You closely miss the hound. The hound bites you but does no damage.
The hound bites you.
* * * LOW HITPOINT WARNING * * *
You take 3 damage, and have 9/32 hp.
You closely miss the hound. The hound barely misses you. The hound bites you.
* * * LOW HITPOINT WARNING * * *
You take 1 damage, and have 8/32 hp.
You miss the hound. The hound bites you.
* * * LOW HITPOINT WARNING * * *
The hound bites you.
* * * LOW HITPOINT WARNING * * *
You take 3 damage, and have 5/32 hp.
You closely miss the hound.
The hound bites you but does no damage. x2
You completely miss the hound. The hound misses you. The hound bites you.
You die...

..# ..# (.# #.## ..#
#..# ..# #... ..# #...
..# #.#.## .)# #.#..#
.)# #####.##.##
..######.....##.@##...
.....)...........h......
.#######..........#.####
.#######.....###..# #
.....................
########...[.###..#.#
#.....# #....# #.....#
#.#..# #.....# .>#


You could see a hound.

Vanquished Creatures
  A crocodile (Sewer)
  A water moccasin skeleton (D:3)
  A howler monkey (D:2)
  A hound (D:3)
  A worker ant (D:4)
  4 adders
  An ooze (D:1)
  A worm (D:2)
  2 dart slugs
  4 leopard geckos
  7 orcs
  2 bats
  8 giant cockroaches
  11 hobgoblins
  12 jackals
  A quokka (D:4)
  A ball python (D:4)
  7 frilled lizards
  11 goblins
  8 kobolds
  6 rats
91 creatures vanquished.

Notes
Turn   | Place    | Note
-------+----------+-------------------------------------------
     0 | D:1      | deepsabbath the Deep Elf Fire Elementalist began the quest for the Orb.
     0 | D:1      | Reached XP level 1. HP: 10/10 MP: 6/6
    91 | D:1      | HP: 2/10 [goblin/club (2)]
   378 | D:2      | HP: 2/10 [leopard gecko (1)]
   383 | D:2      | Reached skill level 1 in Maces & Flails
   796 | D:2      | Reached XP level 2. HP: 15/15 MP: 8/8
   820 | D:2      | Found a shattered altar of Ashenzari.
  1646 | D:1      | Reached skill level 1 in Axes
  1771 | D:1      | HP: 2/15 [kobold (2)]
  2040 | D:2      | Noticed a howler monkey
  2132 | D:1      | Reached XP level 3. HP: 17/19 MP: 9/9
  2711 | D:1      | Reached skill level 2 in Axes
  2843 | D:2      | Reached XP level 4. HP: 11/24 MP: 10/10
  3526 | D:2      | Reached skill level 3 in Axes
  3565 | D:2      | HP: 6/24 [jackal (2)]
  4335 | D:3      | Noticed Jarno's ghost (amateur DsCK)
  4480 | D:3      | Found an ancient bone altar of Kikubaaqudgha.
  4650 | D:3      | Reached XP level 5. HP: 28/28 MP: 11/11
  4965 | D:3      | Reached skill level 4 in Axes
  4965 | D:3      | Reached skill level 1 in Evocations
  5527 | D:4      | Found a sacrificial altar of Ru.
  5529 | D:4      | Found a glowing silver altar of Zin.
  5541 | D:4      | Became a worshipper of Ru the Awakened
  5648 | D:4      | HP: 7/28 [adder (3)]
  5767 | D:4      | Found a glowing drain.
  5833 | Sewer    | Entered a sewer
  5993 | Sewer    | Reached XP level 6. HP: 28/32 MP: 12/12
  6111 | Sewer    | Reached skill level 2 in Evocations
  6696 | D:4      | HP: 8/32 [hound (1)]
  6699 | D:4      | Slain by a hound

Vault maps used:
D:1:      dpeg_arrival_tiny_k
D:2:      nicolae_ashenzari_panopticon
D:3:      kiku_gazebo_pond_becter, first_bread, minmay_close_crescents
D:4:      grunt_temple_overflow_open, gup_sewer_entry_bubbles,
          uniq_crazy_yiuf_cottage
Sewer:    sewer_the_crocodile

Skill      XL: |  1  2  3  4  5  6 |
---------------+-------------------+-----
Maces & Flails | 1 |  1.2
Axes           | 1 2 3 4 |  4.7
Evocations     | 1 2 |  2.2
Dodging        | |  2.4
Stealth        | |  2.4
Spellcasting   | |  3.0
Conjurations   | |  1.1
Fire Magic     | |  3.2

Action                   |  1- 3 |  4- 6 || total
-------------------------+-------+-------++-------
Melee: Whip              |    36 |       ||    36
       War axe           |   134 |   265 ||   399
  Use: Scroll            |     1 |     8 ||     9
       Potion            |       |     5 ||     5
 Stab: Sleeping          |     2 |     3 ||     5
       Distracted        |     1 |       ||     1
  Eat: Chunk             |     6 |    13 ||    19
Armor: Robe              |    10 |       ||    10
       Chain mail        |    90 |       ||    90
       Ring mail         |    18 |   126 ||   144
       Skin              |       |     4 ||     4
Dodge: Dodged            |    66 |   170 ||   236

Vault maps used:
D:1:      dpeg_arrival_tiny_k
D:2:      nicolae_ashenzari_panopticon
D:3:      kiku_gazebo_pond_becter, first_bread, minmay_close_crescents
D:4:      grunt_temple_overflow_open, gup_sewer_entry_bubbles,
          uniq_crazy_yiuf_cottage
Sewer:    sewer_the_crocodile

Table legend:
 A = Turns spent in this place as a percentage of turns spent in the entire game.
 B = Non-inter-level travel turns spent in this place as a percentage of non-inter-level travel turns spent in the entire game.
 C = Inter-level travel turns spent in this place as a percentage of turns spent in this place.
 D = Turns resting spent in this place as a percentage of non-inter-level travel turns spent in this place.
 E = Turns spent auto-exploring this place as a percentage of non-inter-level travel turns spent in this place.
 F = Non-inter-level travel turns spent in this place divided by the number of levels of this place that you've seen.
                   A       B       C       D       E      F
               +-------+-------+-------+-------+-------+----------------------
         Total | 100.0 | 100.0 |   0.7 |   5.2 |   4.3 | 337.8
       Dungeon |  93.5 |  93.5 |   0.8 |   4.7 |   4.5 | 394.8
         Sewer |   6.5 |   6.5 |   0.0 |  11.8 |   1.8 | 110.0
               +-------+-------+-------+-------+-------+----------------------

Table legend:
 A = Kills in this place as a percentage of kills in entire the game.
 B = Kills by you in this place as a percentage of kills by you in the entire game.
 C = Kills by friends in this place as a percentage of kills by friends in the entire game.
 D = Other kills in this place as a percentage of other kills in the entire game.
 E = Experience gained in this place as a percentage of experience gained in the entire game.
 F = Experience gained in this place divided by the number of levels of this place that you have seen.
                   A       B       C       D       E      F
               +-------+-------+-------+-------+-------+----------------------
         Total | 100.0 | 100.0 |  -nan |  -nan | 100.0 | 106.6
       Dungeon |  93.4 |  93.4 |  -nan |  -nan |  78.2 | 104.2
         Sewer |   6.6 |   6.6 |  -nan |  -nan |  21.8 | 116.0
               +-------+-------+-------+-------+-------+----------------------
